 Dungeon Crawl Stone Soup version 0.21-a0-621-gc60411f (webtiles) character file.

14 mopl the Insei (level 2, 0/21 HPs)
             Began as a Barachi Transmuter on Dec 23, 2017.
             Slain by a bat (1 damage)
             ... on level 1 of the Dungeon.
             The game lasted 00:01:11 (457 turns).

mopl the Insei (Barachi Transmuter)                  Turns: 457, Time: 00:01:12

Health: 0/21       AC:  2    Str: 11    XL:     2   Next: 45%
Magic:  4/5        EV: 12    Int: 13    God:
Gold:   0          SH:  0    Dex: 12    Spells: 2/5 levels left

rFire    . . .     SeeInvis .     - Unarmed
rCold    . . .     Gourm    .   (no shield)
rNeg     . . .     Faith    .   b - +0 robe
rPois    .         Spirit   .   (no helmet)
rElec    .         Reflect  .   (no cloak)
rCorr    .         Harm     .   (no gloves)
MR       .....                  (no boots)
Stlth    +.........             (no amulet)
HPRegen  0.07/turn              (no ring)
MPRegen  0.09/turn              (no ring)

@: appendage (expiring), slow
A: +LOS, swims, horns 2, slowness 1, strong legs 1
a: Hop, End Transformation


You were on level 1 of the Dungeon.
You were not hungry.
You had grown temporary horns.
You visited 1 branch of the dungeon, and saw 1 of its levels.

Inventory:

Missiles
 a - 11 arrows
Armour
 b - a +0 robe (worn)
Scrolls
 e - a scroll of enchant armour {unknown}
Books
 c - a book of Changes

   Spells                             Type                      Level
   a - Beastly Appendage              Transmutation                1
   b - Sticks to Snakes               Transmutation                2
   c - Spider Form                    Transmutation/Poison         3
   d - Ice Form                       Ice/Transmutation            4
   e - Blade Hands                    Transmutation                5
Comestibles
 d - 2 rations


   Skills:
 - Level 1.2 Fighting
 - Level 2.1 Dodging
 + Level 3.7 Unarmed Combat
 - Level 2.1 Spellcasting
 + Level 2.8 Transmutations


You had 2 spell levels left.
You knew the following spells:

 Your Spells              Type           Power        Failure   Level  Hunger
a - Beastly Appendage     Tmut           #.....       8%          1    ##.....
w - Sticks to Snakes      Tmut           #.......     12%         2    ###....


Dungeon Overview and Level Annotations

Branches:
Dungeon (1/15)

Altars:


Innate Abilities, Weirdness & Mutations

Shadows flee at your approach. (+LOS)
You can swim through water.
You cover ground slowly.
You can hop short distances.
You have a pair of horns on your head.


Message History

The bat barely misses you. The bat hits you.
* * * LOW HITPOINT WARNING * * *
You completely miss the bat. Your headbutt misses the bat.
The bat barely misses you. The bat hits you but does no damage.
You barely miss the bat. The bat hits you but does no damage.
The bat barely misses you.
You hit the bat.
The bat is moderately wounded.
The bat barely misses you.
You hit the bat.
The bat is severely wounded.
The bat hits you.
* * * LOW HITPOINT WARNING * * *
The bat barely misses you.
You barely miss the bat.
The bat is heavily wounded.
The bat closely misses you.
Unknown command.
The bat hits you.
You die...

...# #.....# #... .....
###.....# #...
......###.......######...
.........##.....†........
#.....##.##.....######.##
#......#.##.....# #.#
#....=..........# #.#
#......#.##.....# #.##
#......#@##.....# #.#.
#.......b.####### #.#.
######)...# #.#. #....#
########.#. #.#>..
.........#. #.#....
........... #.#.##.
..###..###. ##.#.# .#
#......# #. #....# .#
#..##..# #.


You could see a bat.

Vanquished Creatures
  3 bats (D:1)
  A giant cockroach (D:1)
  6 hobgoblins (D:1)
  A kobold (D:1)
  A rat (D:1)
12 creatures vanquished.

Notes
Turn   | Place    | Note
-------+----------+-------------------------------------------
     0 | D:1      | mopl the Barachi Transmuter began the quest for the Orb.
     0 | D:1      | Reached XP level 1. HP: 15/15 MP: 3/3
    85 | D:1      | Reached XP level 2. HP: 9/21 MP: 3/5
   100 | D:1      | Learned a level 2 spell: Sticks to Snakes
   451 | D:1      | HP: 1/21 [bat (1)]
   457 | D:1      | Slain by a bat

Vault maps used:
D:1:      lemuel_arrival_lava_pool, minmay_misc_feat_nine_boxes,
          serial_bayou_ford_a

Action                   || total
-------------------------++-------
Melee: Unarmed           ||    55
       Kick              ||     4
 Cast: Beastly Appendage ||     7
       Sticks to Snakes  ||     1
Armor: Robe              ||    11
Dodge: Dodged            ||    38

Table legend:
 A = Spawn XP
 B = Non-spawn XP
 C = Spawn XP percentage of total XP
 D = Spawn monster count
 E = Non-spawn monster count
 F = Spawn count percentage of total count
 G = Total turns spent on level
                    A         B        C        D         E        F      G
               +---------+---------+-------+---------+---------+-------+---------
         Total |       0 |      21 |   0.0 |       0 |      12 |   0.0 |   457
               +---------+---------+-------+---------+---------+-------+---------
           D:1 |       0 |      21 |   0.0 |       0 |      12 |   0.0 |   457
               +---------+---------+-------+---------+---------+-------+---------
